 Dungeon Crawl Stone Soup version 0.30.1-11-g7821555f0a (webtiles) character file.

Game seed: 6237774410241047099

14788 bmack86 the Severer (level 11, -3/99 HPs)
             Began as a Minotaur Fighter on Jan 10, 2024.
             Was an Initiate of Gozag.
             Slain by an ogre mage
             ... wielding a +0 flail
              (11 damage)
             ... while paralysed by an ogre mage
             ... on level 12 of the Dungeon.
             The game lasted 00:26:41 (10494 turns).

bmack86 the Severer (Minotaur Fighter)             Turns: 10494, Time: 00:26:42

Health: -3/99      AC: 23    Str: 30    XL:     11   Next: 93%
Magic:  10/10      EV:  2    Int:  5    God:    Gozag
Gold:   1453       SH:  0    Dex: 17    Spells: 10/10 levels left

rFire   . . .        i - +3 broad axe of Gozag's Outrage {distort, rElec Dex+6 Stlth+}
rCold   . . .        F - +2 kite shield {AC+3}
rNeg    . . .        y - +0 plate armour
rPois   .            (helmet restricted)
rElec   +            G - +2 cloak
rCorr   .            d - +1 pair of gloves
SInv    .            (no boots)
Will    .....        x - amulet of the acrobat Stlth
                     r - +4 ring of protection
HPRegen 0.36/turn    H - +6 ring of strength
MPRegen 0.12/turn

%: acrobat
@: paralysed, slowed
A: horns 2, retaliatory headbutt
a: Renounce Religion, Potion Petition, Call Merchant, Bribe Branch


You were on level 12 of the Dungeon.
You worshipped Gozag.
Gozag was most pleased with you.
You visited 2 branches of the dungeon, and saw 13 of its levels.

You collected 2276 gold pieces.
You spent 749 gold pieces at shops.
You paid 74 gold pieces to Gozag.

Inventory:

Hand Weapons
 a - a +0 war axe
 i - the +3 broad axe of Gozag's Outrage (weapon) {distort, rElec Dex+6 Stlth+}
   (You acquired it on level 2 of the Dungeon)

   Dex:       It affects your dexterity (+6).
   rElec:     It insulates you from electricity.
   Stlth:     It makes you more stealthy.
Missiles
 g - 4 throwing nets
 D - 5 javelins
Armour
 d - a +1 pair of gloves (worn)
 y - a +0 plate armour (worn)
 F - a +2 kite shield of protection (worn)
 G - a +2 cloak (worn)
Jewellery
 l - a ring of resist corrosion
 r - a +4 ring of protection (left hand)
 v - a ring of wizardry
 x - an amulet of the acrobat (around neck)
 z - a ring of positive energy
 A - an amulet of magic regeneration
 C - a ring of see invisible
 H - a +6 ring of strength (right hand)
Wands
 c - a wand of digging (2)
 o - a wand of polymorph (14)
 s - a wand of flame (18) (quivered)
 t - a wand of quicksilver (19)
Scrolls
 b - 3 scrolls of fog
 f - 6 scrolls of teleportation
 k - a scroll of fear
 n - a scroll of blinking
Potions
 e - 2 potions of attraction
 h - 3 potions of flight
 j - 3 potions of heal wounds
 m - 4 potions of curing
 p - 2 potions of invisibility
 q - 2 potions of haste
 u - 4 potions of mutation
 w - 3 potions of magic
 B - 4 potions of berserk rage
 E - 2 potions of cancellation {unknown}


   Skills:
 + Level 9.9 Fighting
 - Level 18.9 Axes
 - Level 3.6 Armour
 - Level 10.0 Shields


You had 10 spell levels left.
You didn't know any spells.
Your spell library contained the following spells:

 Spells                   Type           Power      Damage    Failure   Level
 Kiss of Death            Conj/Necr      0%         2d5       100%        1
 Magic Dart               Conj           0%         1d3       100%        1
 Call Imp                 Summ           0%         N/A       100%        2
 Confusing Touch          Hex            0%         N/A       100%        3
 Mephitic Cloud           Conj/Pois/Air  0%         N/A       100%        3
 Dispel Undead            Necr           0%         3d6       100%        4


Dungeon Overview and Level Annotations

Branches:
Dungeon (12/15)            Temple (1/1) D:5            Lair (0/5) D:11
    Orc (0/2) D:9

Altars:
Ashenzari
Cheibriados
Dithmenos
Elyvilon
Fedhas
Gozag
Hepliaklqana
Kikubaaqudgha
Makhleb
Nemelex Xobeh
Qazlal
Ru
Sif Muna
Trog
Uskayaw
Vehumet
Wu Jian
Yredelemnul
Zin
The Shining One

Shops:
D:2 =(**=   D:7 !

Annotations:
D:10 1 runed translucent door


Innate Abilities, Weirdness & Mutations

You have a pair of horns on your head.
You reflexively headbutt those who attack you in melee.


Message History

A cyclops comes into view.
The cyclops shouts!
You suddenly lose the ability to move!
The wraith hits you but does no damage. The wraith hits you but does no damage.
You can move again.
You barely miss the wraith. The wraith hits you. The wraith drains your vigour!
You feel as though you will be slow longer.
You hit the wraith but do no damage.
Space warps around the wraith.
You headbutt the wraith!
The wraith is heavily damaged.
You hear some strange, mumbled words.
A bolt of magma appears from out of thin air!
The bolt of magma hits you!
The cyclops throws a large rock.
The large rock hits you!!
* * * LOW HITPOINT WARNING * * *
You block the wraith's attack.
You slash the wraith!
The wraith is severely damaged.
The wraith blinks!
Unknown command.
You feel much better.
You hear some strange, mumbled words.
A bolt of magma appears from out of thin air!
The bolt of magma hits you!
You hear some strange, mumbled words.
You suddenly lose the ability to move!
The cyclops throws a large rock.
The large rock hits you!!
* * * LOW HITPOINT WARNING * * *
The wraith hits you.
* * * LOW HITPOINT WARNING * * *
The wraith drains your vigour!
You feel as though you will be slow longer.
The wraith hits you but does no damage.
You hear some strange, mumbled words.
A bolt of magma appears from out of thin air!
The bolt of magma hits you but does no damage.
The wraith hits you but does no damage. x2
Something hits you!
You die...
Your body crumbles into a pile of gold.

..##.............#########
...##............#
....###'###......# #####
..........#......# ......
#####..$..#........ ......
##.$..+.......##.#####
##...#.......# #
##.W#......)##.##### ##@#
........ #..# ........
#C..# ##.##### #....# #.
+.....# #.####. #....##
#...... #...## ######.
#..## #. .. #<


You could see a cyclops and a wraith.

Vanquished Creatures
  The ghost of joelaser the Grappler, a journeyman TrFi of Wu Jian (D:10)
  4 two-headed ogres
  A boulder beetle (D:12)
  A manticore (D:12)
  2 unseen horrors
  A komodo dragon (D:11)
  A troll (D:11)
  Sigmund (D:4)
  A shadow (D:9)
  A vampire (D:8)
  A wraith (D:12)
  A wyvern (D:11)
  A steam dragon (D:8)
  2 basilisks (D:11)
  23 yaks
  3 vampire mosquitoes (D:11)
  An acid dragon (D:10)
  An orc warrior (D:7)
  5 water moccasins
  A sky beast (D:7)
  A black bear (D:6)
  An ice beast (D:6)
  3 ogres
  3 phantoms
  A kobold brigand (D:10)
  5 scorpions
  4 gnoll sergeants
  8 wights
  5 killer bees (D:11)
  2 troll zombies (D:9)
  6 howler monkeys
  A centaur zombie (D:9)
  2 orc priests (D:8)
  4 hounds
  2 jellies
  A gnoll bouda (D:5)
  Crazy Yiuf (D:3)
  3 iguanas
  3 sleepcaps
  5 orc wizards
  4 ogre zombies (D:9)
  A howler monkey zombie (D:9)
  32 gnolls
  5 adders
  3 white imps
  2 worms
  6 dart slugs
  35 orcs
  7 endoplasms
  5 giant cockroaches
  3 goblins
  6 hobgoblins
  4 jackals (D:5)
  3 quokkas
  6 ball pythons
  4 bats
  3 frilled lizards
  A goblin skeleton (D:9)
  3 hobgoblin zombies (D:9)
  10 kobolds
  2 orc skeletons (D:9)
  13 orc zombies (D:9)
  2 rats
274 creatures vanquished.

Notes
Turn   | Place    | Note
-------+----------+-------------------------------------------
     0 | D:1      | bmack86 the Minotaur Fighter began the quest for the Orb.
     0 | D:1      | Reached XP level 1. HP: 19/19 MP: 0/0
    52 | D:1      | Reached XP level 2. HP: 23/26 MP: 1/1
   192 | D:1      | Reached skill level 3 in Axes
   272 | D:1      | Reached XP level 3. HP: 15/31 MP: 2/2
   653 | D:2      | Reached skill level 5 in Shields
   754 | D:2      | Found Naawn's Weapon Emporium.
   913 | D:2      | Found Diyrph's Jewellery Shoppe.
   987 | D:2      | Found Weiny's General Store.
   996 | D:2      | Found Fonoluk's Assorted Antiques.
  1027 | D:2      | Found Urisuawe's Jewellery Emporium.
  1044 | D:2      | Reached skill level 4 in Axes
  1298 | D:3      | Reached XP level 4. HP: 27/39 MP: 3/3
  1468 | D:3      | Found a sparkling altar of Nemelex Xobeh.
  1662 | D:3      | Found a runed translucent door.
  1663 | D:3      | Noticed Crazy Yiuf
  1711 | D:3      | Killed Crazy Yiuf
  1712 | D:3      | Reached skill level 5 in Axes
  2137 | D:4      | Noticed a phantom
  2146 | D:4      | Killed a phantom
  2147 | D:4      | Reached skill level 6 in Axes
  2147 | D:4      | Reached XP level 5. HP: 39/45 MP: 4/4
  2205 | D:4      | Noticed Sigmund
  2213 | D:4      | Killed Sigmund
  2214 | D:4      | Reached skill level 7 in Axes
  2214 | D:4      | Reached XP level 6. HP: 22/51 MP: 5/5
  2387 | D:4      | Reached skill level 8 in Axes
  2613 | D:4      | HP: 2/51 [scorpion (3)]
  2615 | D:4      | Reached XP level 7. HP: 27/57 MP: 6/6
  2631 | D:4      | Reached skill level 9 in Axes
  3216 | D:5      | Entered Level 5 of the Dungeon
  3229 | D:5      | Found a staircase to the Ecumenical Temple.
  3242 | Temple   | Entered the Ecumenical Temple
  3388 | Temple   | Became a worshipper of Gozag Ym Sagoz the Greedy
  3533 | D:5      | Reached skill level 10 in Axes
  4450 | D:6      | Reached XP level 8. HP: 60/64 MP: 7/7
  4529 | D:6      | Reached skill level 11 in Axes
  4607 | D:6      | Reached skill level 12 in Axes
  4619 | D:6      | Reached skill level 13 in Axes
  4908 | D:6      | Reached XP level 9. HP: 61/70 MP: 8/8
  5230 | D:7      | Reached skill level 14 in Axes
  5435 | D:7      | Found Uton's Distillery.
  5904 | D:8      | Noticed a two-headed ogre
  5917 | D:8      | Killed a two-headed ogre
  5918 | D:8      | Reached skill level 15 in Axes
  6176 | D:8      | Reached skill level 16 in Axes
  7269 | D:9      | Reached XP level 10. HP: 61/77 MP: 9/9
  7405 | D:9      | Found a staircase to the Orcish Mines.
  7473 | D:9      | Reached skill level 17 in Axes
  7650 | D:9      | Found a blossoming altar of Fedhas.
  7660 | D:9      | Noticed a two-headed ogre
  7666 | D:9      | Killed a two-headed ogre
  7793 | D:9      | Found a basalt altar of Yredelemnul.
  8151 | D:2      | Bought a silvery potion for 21 gold pieces
  8151 | D:2      | Bought a pair of gloves for 108 gold pieces
  8151 | D:2      | Bought a scroll of identify for 48 gold pieces
  8164 | D:2      | Bought a scroll of acquirement for 572 gold pieces
  8166 | D:2      | Acquired the +3 broad axe of Gozag's Outrage {distort,
                  | rElec Dex+6 Stlth+}
  8490 | D:10     | Entered Level 10 of the Dungeon
  8596 | D:10     | Noticed an orc knight
  8597 | D:10     | Found a runed translucent door.
  8598 | D:10     | Noticed a two-headed ogre
  8603 | D:10     | Reached skill level 18 in Axes
  9026 | D:10     | Found a runed translucent door.
  9036 | D:10     | Noticed joelaser's ghost (journeyman TrFi)
  9062 | D:10     | Killed joelaser's ghost
  9274 | D:10     | Reached XP level 11. HP: 80/82 MP: 10/10
  9281 | D:10     | Found a shimmering blue altar of Sif Muna.
  9377 | D:10     | Found a glowing golden altar of the Shining One.
  9380 | D:10     | Found a sacrificial altar of Ru.
  9385 | D:10     | Found a glowing silver altar of Zin.
  9403 | D:10     | Noticed a two-headed ogre
  9409 | D:10     | Killed a two-headed ogre
  9712 | D:11     | Noticed a two-headed ogre
  9718 | D:11     | Banished a two-headed ogre
  9739 | D:11     | Reached skill level 5 in Fighting
  9862 | D:11     | Reached skill level 10 in Shields
 10152 | D:11     | Found a staircase to the Lair.
 10332 | D:12     | Noticed a two-headed ogre
 10343 | D:12     | Killed a two-headed ogre
 10407 | D:12     | Noticed a boulder beetle
 10418 | D:12     | Killed a boulder beetle
 10479 | D:12     | Noticed an ogre mage
 10485 | D:12     | Paralysed by something for 2 turns
 10490 | D:12     | Paralysed by something for 5 turns
 10494 | D:12     | Slain by an ogre mage

Illustrated notes

Levels and vault maps discovered:
D:1:      wander_arrival_desolate, layout_loops_cross
D:2:      layout_basic, serial_shops, shop, shop, shop,
          nicolae_shop_bloodbath_and_beyond, shop, serial_bayou_pond_d
D:3:      layout_loops_cross, general_overflow_altar, minivault_24,
          uniq_crazy_yiuf_cottage
D:4:      minmay_general_purpose_star, layout_loops_ring, uniq_sigmund
D:5:      layout_gridville, minmay_temple_entry_waves
D:6:      layout_loops_ring, corexii_item_surrounded_by_moat,
          due_unseen_surprise
D:7:      layout_cave_pools, serial_shops, shop
D:8:      layout_basic
D:9:      layout_cross, lemuel_zombie_altar_yredelemnul,
          mainiacjoe_overflow_tiny_flanked, zombieorc1_lemuel
D:10:     layout_basic, grunt_temple_overflow_diamond,
          mainiacjoe_overflow_alcove_1, ebering_ghost_reflecting_pool,
          minmay_st_funbox
D:11:     layout_rooms, minmay_lair_entry_grove
D:12:     minmay_concentric_multi, layout_loops_ring, minmay_radiant
Temple:   bh_familiar_temple

Skill      XL: |  1  2  3  4  5  6  7  8  9 10 11 |
---------------+----------------------------------+-----
Shields        | 4 5 6 10 | 10.0
Axes           | 3 4 6 7 8 10 13 16 18 | 18.9
Fighting       | 9 |  9.9
Armour         | |  3.6

Action                     |  1- 3 |  4- 6 |  7- 9 | 10-12 || total
---------------------------+-------+-------+-------+-------++-------
  Melee: War axe           |    64 |    93 |   291 |    77 ||   525
         Headbutt          |     2 |    18 |    66 |    48 ||   134
         Broad axe         |       |       |       |   164 ||   164
  Evoke: Wand              |       |       |     4 |     1 ||     5
    Use: Scroll            |       |     1 |    11 |     8 ||    20
         Potion            |       |     1 |     2 |     2 ||     5
   Stab: Distracted        |       |       |     1 |     1 ||     2
 Armour: Scale mail        |    38 |     6 |       |       ||    44
         Chain mail        |       |    43 |     2 |       ||    45
         Plate armour      |       |       |   122 |   107 ||   229
  Dodge: Dodged            |    37 |    33 |    94 |    82 ||   246
  Block: Buckler           |    12 |    20 |    59 |       ||    91
         Kite shield       |       |       |       |   113 ||   113
